SNL (28 & UNDER)
MONTGOMERY BISCUITS @ SANTA FE DIABLOS
07/24/2023
 
TOP OF THE 1ST
Montgomery Biscuits batting - Pitching for Santa Fe Diablos : RHP Darryl Carter
Pitching: RHP Darryl Carter
Batting: RHB Gabriel Miranda 0-0: Foul Ball, location: 2F
0-1: Foul Ball, location: 2F
0-2: Foul Ball, location: 2F
0-2: SINGLE (Line Drive, 89S)
Batting: LHB John Haney 0-0: Ball
1-0: Ball
2-0: Foul Ball, location: 2F
2-1: Foul Ball, location: 2F
2-2: Ball
3-2: Fielders Choice at 2nd, 6-4 (Groundball, 6)
Batting: SHB Andrew Curran 0-0: Ball
Pickoff Throw to First - Error! E1
John Haney to second
1-0: Reached on error, E3 (Groundball, 3)
John Haney to third
Batting: RHB Jean-Paul St-Pierre 0-0: Called Strike
0-1: Ball
1-1: Ball
2-1: DOUBLE (Line Drive, 78D)
John Haney scores
Andrew Curran to third
Batting: RHB Vicente Carona 0-0: Called Strike
0-1: Ball
1-1: Ball
2-1: Called Strike
2-2: Ball
3-2: Foul Ball, location: 2F
3-2: Base on Balls
Batting: RHB Collin Smith 0-0: Ball
1-0: Called Strike
1-1: Ball
2-1: Ball
3-1: Foul Ball, location: 2F
3-2: Foul Ball, location: 2F
3-2: Base on Balls
Andrew Curran scores
Jean-Paul St-Pierre to third
Vicente Carona to second
Batting: RHB Dave Williams 0-0: SINGLE (Line Drive, 6D)
Jean-Paul St-Pierre scores
Vicente Carona to third
Collin Smith to second
Runner from 3rd tries for Home, SAFE, throw made home
Collin Smith to third
Dave Williams to second
Batting: RHB Larry Mitchell 0-0: Called Strike
0-1: Ground out 1-3 (Groundball, 13S)
Batting: RHB Pete Smith 0-0: Called Strike
0-1: Ball
1-1: Called Strike
1-2: Ball
2-2: Ball
3-2: Fly out, F5 (Popup, 5F)
Top of the 1st over - 4 run(s), 3 hit(s), 2 error(s), 2 left on base; Montgomery 4 - Santa Fe 0
BOTTOM OF THE 1ST
Santa Fe Diablos batting - Pitching for Montgomery Biscuits : RHP Mitch Brown
Pitching: RHP Mitch Brown
Batting: RHB Arnold Harmon 0-0: Foul Ball, location: 2F
0-1: Ground out 6-3 (Groundball, 6)
Batting: LHB Juan Ontiveros 0-0: Ground out 5-3 (Groundball, 5L)
Batting: RHB Iván Gonzáles 0-0: Ball
1-0: Ball
2-0: SINGLE (Line Drive, 89S)
Batting: SHB António Hernández 0-0: Ball
1-0: Foul Ball, location: 2F
1-1: Foul Ball, location: 2F
1-2: SINGLE (Groundball, 4MD)
Iván Gonzáles to second
Batting: RHB Wallace Greene 0-0: Called Strike
0-1: Ball
1-1: Foul Ball, location: 2F
1-2: Fielders Choice at 2nd, U6 (Groundball, 6M)
Bottom of the 1st over - 0 run(s), 2 hit(s), 0 error(s), 2 left on base; Montgomery 4 - Santa Fe 0
TOP OF THE 2ND
Montgomery Biscuits batting - Pitching for Santa Fe Diablos : RHP Darryl Carter
Batting: RHB Gabriel Miranda 0-0: Swinging Strike
0-1: Swinging Strike
0-2: Foul Ball, location: 2F
0-2: Ball
1-2: SINGLE (Groundball, 56D)
Batting: LHB John Haney 0-0: SINGLE (Line Drive, 8LS)
Gabriel Miranda to second
Batting: SHB Andrew Curran 0-0: Ball
1-0: Ball
2-0: Ball
3-0: Base on Balls
Gabriel Miranda to third
John Haney to second
Batting: RHB Jean-Paul St-Pierre 0-0: Ball
1-0: Called Strike
1-1: Called Strike
1-2: Strikes out swinging
Batting: RHB Vicente Carona 0-0: Foul Ball, location: 2F
0-1: Ball
1-1: Called Strike
1-2: Ball
2-2: Foul Ball, location: 2F
2-2: Ball
3-2: Base on Balls
Gabriel Miranda scores
John Haney to third
Andrew Curran to second
Batting: RHB Collin Smith 0-0: Ball
1-0: SINGLE (Groundball, 23) (infield hit)
John Haney scores
Andrew Curran to third
Vicente Carona to second
Batting: RHB Dave Williams 0-0: Ball
1-0: Fly out, F6 (Popup, 6S)
Batting: RHB Larry Mitchell 0-0: Ball
1-0: Called Strike
1-1: DOUBLE (Flyball, 89D)
Andrew Curran scores
Vicente Carona scores
Collin Smith to third
Runner from 3rd tries for Home, SAFE, no throw or cutoff
Pitching: RHP Bill Morris
Batting: RHB Pete Smith 0-0: Fly out, F8 (Flyball, 8RM)
Top of the 2nd over - 5 run(s), 4 hit(s), 0 error(s), 1 left on base; Montgomery 9 - Santa Fe 0
BOTTOM OF THE 2ND
Santa Fe Diablos batting - Pitching for Montgomery Biscuits : RHP Mitch Brown
Batting: LHB Roberto Sandoval 0-0: Called Strike
0-1: SINGLE (Line Drive, 9S)
Batting: LHB Don Soper 0-0: Foul Ball, location: 2F
0-1: Ball
1-1: Fly out, F7 (Line Drive, 78M)
Batting: RHB Ray Davis 0-0: Ball
1-0: Foul Ball, location: 2F
1-1: Ball
2-1: Ball
3-1: Swinging Strike
3-2: Foul Ball, location: 2F
3-2: Foul Ball, location: 2F
3-2: Foul Ball, location: 2F
3-2: Strikes out swinging
Roberto Sandoval is caught stealing 2nd base
Batter strikes out.
Bottom of the 2nd over - 0 run(s), 1 hit(s), 0 error(s), 0 left on base; Montgomery 9 - Santa Fe 0
TOP OF THE 3RD
Montgomery Biscuits batting - Pitching for Santa Fe Diablos : RHP Bill Morris
Batting: RHB Gabriel Miranda 0-0: Ground out 5-3 (Groundball, 5)
Batting: LHB John Haney 0-0: Ball
1-0: Called Strike
1-1: Swinging Strike
1-2: Ball
2-2: Ball
3-2: Foul Ball, location: 2F
3-2: Fly out, F7 (Popup, 5D)
Batting: SHB Andrew Curran 0-0: Ball
1-0: Ball
2-0: Called Strike
2-1: Foul Ball, location: 2F
2-2: Foul Ball, location: 2F
2-2: Ball
3-2: Base on Balls
Batting: RHB Jean-Paul St-Pierre 0-0: Ball
1-0: Called Strike
1-1: Ball
2-1: Called Strike
2-2: Ball
3-2: Foul Ball, location: 2F
3-2: Foul Ball, location: 2F
3-2: Base on Balls
Andrew Curran to second
Batting: RHB Vicente Carona 0-0: Ball
1-0: Ball
2-0: Called Strike
2-1: Ball
3-1: Base on Balls
Andrew Curran to third
Jean-Paul St-Pierre to second
Batting: RHB Collin Smith 0-0: Ball
1-0: Called Strike
1-1: Foul Ball, location: 2F
1-2: Foul Ball, location: 2F
1-2: Strikes out swinging
Top of the 3rd over - 0 run(s), 0 hit(s), 0 error(s), 3 left on base; Montgomery 9 - Santa Fe 0
BOTTOM OF THE 3RD
Santa Fe Diablos batting - Pitching for Montgomery Biscuits : RHP Mitch Brown
Batting: RHB Henning Huisman 0-0: Called Strike
0-1: Swinging Strike
0-2: Strikes out swinging
Batting: RHB Arnold Harmon 0-0: Ball
1-0: Ground out 4-3 (Groundball, 4)
Batting: LHB Juan Ontiveros 0-0: Ball
1-0: Ball
2-0: Ground out 4-3 (Groundball, 4)
Bottom of the 3rd over - 0 run(s), 0 hit(s), 0 error(s), 0 left on base; Montgomery 9 - Santa Fe 0
TOP OF THE 4TH
Montgomery Biscuits batting - Pitching for Santa Fe Diablos : RHP Bill Morris
Batting: RHB Dave Williams 0-0: Ground out 5-3 (Groundball, 5)
Batting: RHB Larry Mitchell 0-0: Fly out, F9 (Flyball, 9M)
Batting: RHB Pete Smith 0-0: Foul Ball, location: 2F
0-1: Foul Ball, location: 2F
0-2: Ball
1-2: Strikes out swinging
Top of the 4th over - 0 run(s), 0 hit(s), 0 error(s), 0 left on base; Montgomery 9 - Santa Fe 0
BOTTOM OF THE 4TH
Santa Fe Diablos batting - Pitching for Montgomery Biscuits : RHP Mitch Brown
Batting: RHB Iván Gonzáles 0-0: Called Strike
0-1: Ground out 6-3 (Groundball, 6)
Batting: SHB António Hernández 0-0: Called Strike
0-1: Ball
1-1: Ball
2-1: Foul Ball, location: 2F
2-2: Strikes out swinging
Batting: RHB Wallace Greene 0-0: Ball
1-0: Ball
2-0: Foul Ball, location: 2F
2-1: Foul Ball, location: 2F
2-2: Hit by Pitch
Batting: LHB Roberto Sandoval 0-0: Ball
1-0: Ball
2-0: Ball
3-0: Called Strike
3-1: Ground out 3-1 (Groundball, 34S)
Bottom of the 4th over - 0 run(s), 0 hit(s), 0 error(s), 1 left on base; Montgomery 9 - Santa Fe 0
TOP OF THE 5TH
Montgomery Biscuits batting - Pitching for Santa Fe Diablos : RHP Bill Morris
Batting: RHB Gabriel Miranda 0-0: Called Strike
0-1: Ball
1-1: Hit by Pitch
Batting: LHB John Haney 0-0: Called Strike
Gabriel Miranda steals 2nd base
0-1: Ball
1-1: Foul Ball, location: 2F
1-2: Ball
2-2: Ball
3-2: Base on Balls
Batting: SHB Andrew Curran 0-0: TRIPLE (Line Drive, 9LS)
Gabriel Miranda scores
John Haney scores
Batting: RHB Jean-Paul St-Pierre 0-0: Swinging Strike
0-1: Ball
1-1: Foul Ball, location: 2F
1-2: Ball
2-2: Strikes out swinging
Batting: RHB Vicente Carona 0-0: Ball
1-0: Fly out, F6 (Popup, 6D)
Batting: RHB Collin Smith 0-0: Ball
1-0: Ball
2-0: Called Strike
2-1: Swinging Strike
2-2: Foul Ball, location: 2F
2-2: Foul Ball, location: 2F
2-2: Strikes out swinging
Top of the 5th over - 2 run(s), 1 hit(s), 0 error(s), 1 left on base; Montgomery 11 - Santa Fe 0
BOTTOM OF THE 5TH
Santa Fe Diablos batting - Pitching for Montgomery Biscuits : RHP Mitch Brown
Batting: LHB Don Soper 0-0: Foul Ball, location: 2F
0-1: Ball
1-1: Ball
2-1: Ball
3-1: Foul Ball, location: 2F
3-2: Base on Balls
Batting: RHB Ray Davis 0-0: Ball
1-0: Called Strike
1-1: Grounds into double play, 4-6-3 (Groundball, 4)
Batting: RHB Henning Huisman 0-0: Swinging Strike
0-1: Ball
1-1: Ball
2-1: Foul Ball, location: 2F
2-2: Strikes out swinging
Bottom of the 5th over - 0 run(s), 0 hit(s), 0 error(s), 0 left on base; Montgomery 11 - Santa Fe 0
TOP OF THE 6TH
Montgomery Biscuits batting - Pitching for Santa Fe Diablos : RHP Bill Morris
Batting: RHB Dave Williams 0-0: Ball
1-0: Ball
2-0: Called Strike
2-1: Ball
3-1: Foul Ball, location: 2F
3-2: Foul Ball, location: 2F
3-2: Foul Ball, location: 2F
3-2: SINGLE (Line Drive, 6D)
Batting: RHB Larry Mitchell 0-0: SINGLE (Line Drive, 9S)
Dave Williams to second
Batting: RHB Pete Smith 0-0: Ball
1-0: Ball
2-0: Ball
3-0: Called Strike
3-1: DOUBLE (Groundball, 3L)
Dave Williams scores
Larry Mitchell to third
Pitching: RHP Bartolo Muńóz
Batting: RHB Gabriel Miranda 0-0: Ball
1-0: SINGLE (Groundball, 56)
Larry Mitchell scores
Pete Smith to third
Runner from 3rd tries for Home, SAFE, throw made home
Gabriel Miranda to second
Batting: LHB John Haney 0-0: Called Strike
0-1: Called Strike
0-2: Ball
1-2: Ball
2-2: Strikes out swinging
Batting: SHB Andrew Curran 0-0: Ball
1-0: Ball
2-0: Foul Ball, location: 2F
2-1: Ball
3-1: Base on Balls
Batting: RHB Jean-Paul St-Pierre 0-0: Swinging Strike
0-1: Ball
1-1: Foul Ball, location: 2F
1-2: Hit by Pitch
Gabriel Miranda to third
Andrew Curran to second
Batting: RHB Vicente Carona 0-0: Ball
1-0: SINGLE (Groundball, 56D)
Gabriel Miranda scores
Andrew Curran to third
Jean-Paul St-Pierre to second
Runner from 3rd tries for Home, SAFE, no throw or cutoff
Pitching: LHP Jerry Beck
Batting: RHB Collin Smith 0-0: Ball
1-0: Ground out 5-3 (Groundball, 56S)
Jean-Paul St-Pierre to third
Vicente Carona to second
Batting: RHB Dave Williams 0-0: Fly out, F3 (Line Drive, 3)
Top of the 6th over - 5 run(s), 5 hit(s), 0 error(s), 2 left on base; Montgomery 16 - Santa Fe 0
BOTTOM OF THE 6TH
Santa Fe Diablos batting - Pitching for Montgomery Biscuits : RHP Mitch Brown
Batting: RHB Arnold Harmon 0-0: Called Strike
0-1: Ball
1-1: Swinging Strike
1-2: Ball
2-2: SINGLE (Line Drive, 89S)
Batting: LHB Juan Ontiveros 0-0: Ball
Arnold Harmon steals 2nd base
1-0: Ball
2-0: Ball
3-0: Called Strike
3-1: SINGLE (Flyball, 9LS)
Arnold Harmon to third
Runner from 3rd tries for Home, SAFE, no throw or cutoff
Batting: RHB Iván Gonzáles 0-0: Ball
1-0: Foul Ball, location: 2F
1-1: Swinging Strike
1-2: Ball
2-2: Ball
3-2: Base on Balls
Juan Ontiveros to second
Batting: SHB António Hernández 0-0: Grounds into double play, 4-6-3 (Groundball, 34)
Juan Ontiveros to third
Batting: RHB Wallace Greene 0-0: Ball
1-0: Ball
2-0: Ball
3-0: Called Strike
3-1: Called Strike
3-2: SINGLE (Line Drive, 7LS)
Juan Ontiveros scores
Batting: LHB Roberto Sandoval 0-0: Ball
1-0: Ball
Wallace Greene is caught stealing 2nd base
Bottom of the 6th over - 2 run(s), 3 hit(s), 0 error(s), 0 left on base; Montgomery 16 - Santa Fe 2
TOP OF THE 7TH
Montgomery Biscuits batting - Pitching for Santa Fe Diablos : LHP Jerry Beck
Batting: RHB Larry Mitchell 0-0: Called Strike
0-1: Called Strike
0-2: Ball
1-2: Fly out, F4 (Popup, 4)
Batting: RHB Pete Smith 0-0: Called Strike
0-1: SINGLE (Line Drive, 4MD)
Batting: RHB Gabriel Miranda 0-0: Ball
1-0: Ball
2-0: Ball
3-0: Called Strike
3-1: Base on Balls
Pete Smith to second
Batting: LHB John Haney 0-0: Foul Ball, location: 2F
0-1: Ball
1-1: Ball
2-1: Swinging Strike
2-2: Ball
3-2: Base on Balls
Pete Smith to third
Gabriel Miranda to second
Batting: SHB Andrew Curran 0-0: Foul Ball, location: 2F
0-1: Swinging Strike
0-2: SINGLE (Line Drive, 56D)
Pete Smith scores
Gabriel Miranda to third
John Haney to second
Batting: RHB Jean-Paul St-Pierre 0-0: Ball
1-0: Foul Ball, location: 2F
1-1: Foul Ball, location: 2F
1-2: Strikes out swinging
Batting: RHB Vicente Carona 0-0: Ball
1-0: Ball
2-0: Ball
3-0: Called Strike
3-1: Foul Ball, location: 2F
3-2: Base on Balls
Gabriel Miranda scores
John Haney to third
Andrew Curran to second
Batting: RHB Collin Smith 0-0: Ball
1-0: Swinging Strike
1-1: Ball
2-1: Ball
3-1: Base on Balls
John Haney scores
Andrew Curran to third
Vicente Carona to second
Pitching: RHP Jonathan Long
Batting: RHB Dave Williams 0-0: Called Strike
0-1: Ball
1-1: Ground out 5-3 (Groundball, 5)
Top of the 7th over - 3 run(s), 2 hit(s), 0 error(s), 3 left on base; Montgomery 19 - Santa Fe 2
BOTTOM OF THE 7TH
Santa Fe Diablos batting - Pitching for Montgomery Biscuits : RHP Mitch Brown
Pitching: LHP Steve Billington
Batting: LHB Roberto Sandoval 0-0: Ball
1-0: Ground out 3-1 (Groundball, 34S)
Batting: LHB Don Soper 0-0: Ball
1-0: TRIPLE (Flyball, 8LXD)
Batting: RHB Ray Davis 0-0: Called Strike
0-1: Foul Ball, location: 2F
0-2: Foul Ball, location: 2F
0-2: Ball
1-2: Ball
2-2: Strikes out swinging
Batting: RHB Henning Huisman 0-0: Called Strike
0-1: Ground out 5-3 (Groundball, 5)
Bottom of the 7th over - 0 run(s), 1 hit(s), 0 error(s), 1 left on base; Montgomery 19 - Santa Fe 2
TOP OF THE 8TH
Montgomery Biscuits batting - Pitching for Santa Fe Diablos : RHP Jonathan Long
Batting: RHB Larry Mitchell 0-0: Ball
1-0: Ball
2-0: Called Strike
2-1: Ball
3-1: Base on Balls
Batting: RHB Pete Smith 0-0: Called Strike
0-1: Foul Ball, location: 2F
0-2: Ball
1-2: Ball
2-2: DOUBLE (Flyball, 89D)
Larry Mitchell to third
Batting: RHB Gabriel Miranda 0-0: Ball
1-0: Ball
2-0: Ball
3-0: Called Strike
3-1: DOUBLE (Line Drive, 7LD)
Larry Mitchell scores
Pete Smith scores
Batting: LHB John Haney 0-0: Ball
1-0: Ball
2-0: Foul Ball, location: 2F
2-1: Ground out 6-3 (Groundball, 6M)
Gabriel Miranda to third
Batting: SHB Andrew Curran 0-0: Ball
1-0: Ball
2-0: Foul Ball, location: 2F
2-1: Ground out 4-3 (Groundball, 4)
Gabriel Miranda scores
Pitching: LHP Columbo Briatori
Batting: RHB Jean-Paul St-Pierre 0-0: Called Strike
0-1: Fly out, F7 (Flyball, 78D)
Top of the 8th over - 3 run(s), 2 hit(s), 0 error(s), 0 left on base; Montgomery 22 - Santa Fe 2
BOTTOM OF THE 8TH
Santa Fe Diablos batting - Pitching for Montgomery Biscuits : LHP Steve Billington
Batting: RHB Arnold Harmon 0-0: Bunt missed!
0-1: Fly out, F9 (Line Drive, 9M)
Batting: LHB Juan Ontiveros 0-0: Ball
1-0: Fly out, F9 (Popup, 4D)
Pinch Hitting: RHB Robinson Pacheco 0-0: Ball
1-0: Called Strike
1-1: Fly out, F9 (Flyball, 9LM)
Bottom of the 8th over - 0 run(s), 0 hit(s), 0 error(s), 0 left on base; Montgomery 22 - Santa Fe 2
TOP OF THE 9TH
Montgomery Biscuits batting - Pitching for Santa Fe Diablos : LHP Columbo Briatori
Now at SS: Robinson Pacheco
Batting: RHB Vicente Carona 0-0: Ball
1-0: Called Strike
1-1: Swinging Strike
1-2: Foul Ball, location: 2F
1-2: Fly out, F9 (Flyball, 9D)
Batting: RHB Collin Smith 0-0: Ball
1-0: Called Strike
1-1: Called Strike
1-2: Ball
2-2: Ball
3-2: Base on Balls
Batting: RHB Dave Williams 0-0: Called Strike
0-1: Ball
1-1: SINGLE (Line Drive, 6MD)
Collin Smith to second
Batting: RHB Larry Mitchell 0-0: Called Strike
0-1: Ball
1-1: Ball
2-1: Foul Ball, location: 2F
2-2: Strikes out looking
Batting: RHB Pete Smith 0-0: Called Strike
0-1: Swinging Strike
0-2: Strikes out swinging
Top of the 9th over - 0 run(s), 1 hit(s), 0 error(s), 2 left on base; Montgomery 22 - Santa Fe 2
BOTTOM OF THE 9TH
Santa Fe Diablos batting - Pitching for Montgomery Biscuits : LHP Steve Billington
Batting: SHB António Hernández 0-0: Called Strike
0-1: Foul Ball, location: 2F
0-2: Foul Ball, location: 2F
0-2: Ball
1-2: TRIPLE (Line Drive, 8RM)
Batting: RHB Wallace Greene 0-0: Called Strike
0-1: Ball
1-1: Foul Ball, location: 2F
1-2: Ball
2-2: Ball
3-2: Foul Ball, location: 2F
3-2: Foul Ball, location: 2F
3-2: Reached on error, E5 (Groundball, 5)
António Hernández scores
Batting: LHB Roberto Sandoval 0-0: Ball
1-0: Called Strike
1-1: Ball
2-1: Called Strike
2-2: Ball
3-2: DOUBLE (Line Drive, 89XD)
Wallace Greene to third
Batting: LHB Don Soper 0-0: Ball
1-0: Ground out 4-3 (Groundball, 4)
Wallace Greene scores
Roberto Sandoval to third
Batting: RHB Ray Davis 0-0: Ball
1-0: Ball
2-0: SINGLE (Groundball, 56)
Roberto Sandoval scores
Batting: RHB Henning Huisman 0-0: Ball
1-0: Called Strike
1-1: Ball
2-1: Ball
3-1: Grounds into double play, 6-4-3 (Groundball, 6)
Bottom of the 9th over - 3 run(s), 3 hit(s), 1 error(s), 0 left on base; Montgomery 22 - Santa Fe 5
This league is powered by Out of the Park Baseball, the baseball management simulation game for PC, Mac and Linux
Wednesday, December 2nd, 2015 - OOTP Baseball 16.8 Build 38